 Dungeon Crawl Stone Soup version 0.21-a0-442-g848f44b (webtiles) character file.

121 kae the Slasher (level 4, -5/37 HPs)
             Began as a Demonspawn Chaos Knight on Nov 12, 2017.
             Slain by a wolf (9 damage)
             ... on level 3 of the Dungeon.
             The game lasted 00:05:09 (3421 turns).

kae the Slasher (Demonspawn Chaos Knight)           Turns: 3421, Time: 00:05:09

Health: -5/37      AC:  6    Str: 13 (17) XL:     4   Next: 77%
Magic:  4/4        EV: 11    Int:  4 (13) God:    Xom [......]
Gold:   197        SH:  0    Dex:  6 (14) Spells: 3/3 levels left

rFire    . . .     SeeInvis .   a - +0 falchion (chaos)
rCold    + + .     Gourm    .   (no shield)
rNeg     . . .     Faith    .   b - +2 leather armour
rPois    .         Spirit   .   (no helmet)
rElec    .         Reflect  .   (no cloak)
rCorr    .         Harm     .   (no gloves)
MR       .....                  (no boots)
Stlth    +.........             (no amulet)
HPRegen  0.12/turn              (no ring)
MPRegen  0.09/turn              (no ring)

@: mighty, lethally poisoned (-5 -> -5), flying, slowed, very slow
A: rugged brown scales 1, blurry vision 1, cold resistance 2, deterioration 2
a: Renounce Religion


You were on level 3 of the Dungeon.
You worshipped Xom.
You were a very special plaything of Xom.
You were not hungry.

You visited 1 branch of the dungeon, and saw 4 of its levels.

You collected 197 gold pieces.

Inventory:

Hand Weapons
 a - a +0 falchion of chaos (weapon)
Missiles
 p - a throwing net (quivered)
Armour
 b - a +2 leather armour (worn)
 f - a +0 cloak
Scrolls
 g - 2 scrolls of recharging
 h - a scroll of remove curse
 i - a scroll of amnesia {unknown}
 n - 4 scrolls of identify {unknown}
 q - 4 scrolls of enchant armour {unknown}
Potions
 e - a potion of invisibility {unknown}
 j - a potion of flight
 k - a potion of magic {unknown}
 l - a potion of degeneration {unknown}
 m - a potion of ambrosia {unknown}
 o - 4 potions of curing {unknown}
 r - a potion of might {unknown}
 v - a potion of berserk rage {unknown}
Comestibles
 c - 2 bread rations
 d - a royal jelly
 s - a fruit
 u - a meat ration


   Skills:
 + Level 3.6 Fighting
 * Level 3.8 Long Blades
 + Level 2.5 Armour
 + Level 2.0 Dodging


You had 3 spell levels left.
You didn't know any spells.

Dungeon Overview and Level Annotations

Branches:
Dungeon (4/15)
 Temple: D:4-7

Altars:
Elyvilon
Hepliaklqana
Kikubaaqudgha
Okawaru
Ru
Xom
Zin


Innate Abilities, Weirdness & Mutations

You are partially covered in rugged brown scales. (AC +1, +3% HP)
Your flesh is very cold resistant. (rC++)
Scrolls take you a little longer to read.
Your body often deteriorates upon taking damage.


Message History

The phantom blinks!
The jelly is engulfed in seething chaos.
Something bites you but does no damage.
You catch a glimpse of the back of your own head.
Something bites you.
* * * LOW HITPOINT WARNING * * *
You climb upwards.
There is a stone staircase leading down here.
Unknown command.
Unknown command.
Okay, then.
Unknown command.
You start resting.
You feel sick.
Something bites you but does no damage. x2
There is a strange disturbance nearby!
It was a potion of flight.
You feel very buoyant.
You fly up into the air.
Xom thinks this is hilarious!
Something completely misses you. Something bites you!
You die...

##
#........#.......#...........#
##
####.#.#....._.....##.#..#####
.# ##.###..#.......#...###.#
.# #.## ##.#.......#.##.#.##
.#####.###..##.....##.....##
........#...####.####.#####
.###..................# .#
#.#####....#.###...# .# #.#
##..###@...#.# .# #_#
###.#.{##...# .# #.#
##.#.###### .# #.# ###.# .#
#.###### #.#
.###.##...######.#
.................#
.###.##...######## ## #.######


There were no monsters in sight!

Vanquished Creatures
  5 adders
  An ooze (D:1)
  2 worms (D:3)
  2 dart slugs (D:2)
  3 leopard geckos
  2 orcs (D:3)
  5 bats
  4 giant cockroaches
  9 goblins
  A hobgoblin (D:3)
  3 jackals (D:3)
  2 quokkas (D:3)
  2 ball pythons (D:1)
  4 frilled lizards
  6 kobolds
  A quokka skeleton (D:3)
  8 rats
60 creatures vanquished.

Notes
Turn   | Place    | Note
-------+----------+-------------------------------------------
     0 | D:1      | kae the Demonspawn Chaos Knight began the quest for the Orb.
     0 | D:1      | Reached XP level 1. HP: 18/18 MP: 1/1
     9 | D:1      | Reached skill level 1 in Dodging
   106 | D:1      | Gained mutation: Your flesh is cold resistant. (rC+) [demonic ancestry]
   106 | D:1      | Reached XP level 2. HP: 22/24 MP: 2/2
   184 | D:1      | XOM: harmless Conj miscast
   245 | D:1      | XOM: 3-stop teleportation journey
   741 | D:2      | XOM: stealth player
   824 | D:2      | XOM: give mutations
   824 | D:2      | Gained mutation: Your body sometimes deteriorates upon taking damage. [Xom's mischief]
   824 | D:2      | Gained mutation: Scrolls take you a little longer to read. [Xom's mischief]
   824 | D:2      | Gained mutation: Your flesh is very cold resistant. (rC++) [Xom's mischief]
   824 | D:2      | Gained mutation: Your body often deteriorates upon taking damage. [Xom's mischief]
   846 | D:2      | XOM: confusion
   862 | D:2      | Gained mutation: You are partially covered in rugged brown scales. (AC +1, +3% HP) [demonic ancestry]
   862 | D:2      | Reached XP level 3. HP: 7/29 MP: 3/3
  1107 | D:2      | Found a glowing silver altar of Zin.
  1149 | D:2      | Found an iron altar of Okawaru.
  1536 | D:2      | Found a hazy altar of Hepliaklqana.
  1866 | D:2      | XOM: summons 1 hostile demon
  1867 | D:2      | Noticed a chaos spawn
  2085 | D:2      | XOM: stat loss: -1 Str (9/12)
  2165 | D:3      | Found a white marble altar of Elyvilon.
  2169 | D:3      | XOM: summons 1 hostile demon
  2419 | D:3      | Reached XP level 4. HP: 28/36 MP: 4/4
  2546 | D:3      | XOM: stat loss: -1 Str (9/12)
  2948 | D:3      | Found an ancient bone altar of Kikubaaqudgha.
  3020 | D:3      | XOM: severe Necr miscast
  3040 | D:3      | Found a sacrificial altar of Ru.
  3404 | D:4      | Noticed a phantom
  3407 | D:4      | XOM: summons 2 hostile shadow creatures
  3411 | D:4      | XOM: chaos cloud
  3413 | D:4      | Paralysed by you for 2 turns
  3413 | D:4      | XOM: scenery: create altars
  3415 | D:4      | XOM: potion effect (might)
  3415 | D:4      | Noticed a wolf
  3415 | D:4      | a hound changed into a wolf
  3418 | D:4      | XOM: silly message
  3421 | D:3      | Slain by a wolf

Vault maps used:
D:1:      dpeg_arrival_boxorama
D:2:      nicolae_overflow_hidden_temple, overflow_temple_1_default,
          okawaru_gym_becter, first_bread, minmay_heptomino_d4
D:3:      overflow_temple_1_default, old_standard_altar, old_standard_altar
D:4:      nemelex_lonely_heart_becter

Skill      XL: |  1  2  3  4 |
---------------+-------------+-----
Dodging        | 1 2 |  2.0
Long Blades    | 3 |  3.8
Armour         | 2 |  2.5
Fighting       | |  3.6

Action                   |  1- 3 |  4- 6 || total
-------------------------+-------+-------++-------
Melee: Falchion          |   143 |    80 ||   223
  Use: Potion            |     2 |     1 ||     3
       Scroll            |     2 |       ||     2
 Stab: Sleeping          |     3 |       ||     3
       Confused          |     2 |       ||     2
       Paralysed         |     1 |       ||     1
       Petrifying        |       |     1 ||     1
  Eat: Chunk             |     2 |     1 ||     3
       Meat ration       |     1 |       ||     1
Armor: Leather armour    |    53 |    37 ||    90
Dodge: Dodged            |    77 |    67 ||   144
       Rpst.: Falchion   |    28 |    19 ||    47

Table legend:
 A = Spawn XP
 B = Non-spawn XP
 C = Spawn XP percentage of total XP
 D = Spawn monster count
 E = Non-spawn monster count
 F = Spawn count percentage of total count
 G = Total turns spent on level
                    A         B        C        D         E        F      G
               +---------+---------+-------+---------+---------+-------+---------
         Total |       0 |     174 |   0.0 |       0 |      60 |   0.0 |  3421
               +---------+---------+-------+---------+---------+-------+---------
           D:1 |       0 |      34 |   0.0 |       0 |      19 |   0.0 |   741
           D:2 |       0 |      53 |   0.0 |       0 |      17 |   0.0 |  1398
           D:3 |       0 |      87 |   0.0 |       0 |      24 |   0.0 |  1267
               +---------+---------+-------+---------+---------+-------+---------
